 Dungeon Sprint DCSS version 0.27.1-34-g3ba077fa99 (webtiles) character file.

Game seed: 10695728331644136581

59577 Arum the Slayer (level 15, -4/155 HPs)
             Began as a Formicid Fighter on Jan 16, 2022.
             Was the Champion of Okawaru.
             Killed from afar by an ironbound frostheart (44 damage)
             ... by creeping frost
             ... in the Dungeon (Sprint IX: "|||||||||||||||||||||||||||||").
             The game lasted 00:12:17 (4432 turns).

Arum the Slayer (Formicid Fighter)                  Turns: 4432, Time: 00:12:18

Health: -4/155     AC: 32    Str: 28    XL:     15   Next: 34%
Magic:  16/21      EV: 14    Int: 11    God:    Okawaru [******]
Gold:   457        SH: 18    Dex: 10    Spells: 14/14 levels left

rFire    + + .     SeeInvis +   t - +6 quarterstaff of Perfectionism {speed, Fly rPois Str+2}
rCold    . . .     Faith    .   c - +0 kite shield
rNeg     . . .     Spirit   .   m - +0 plate armour
rPois    +         Reflect  .   (helmet unavailable)
rElec    .         Harm     .   l - +1 cloak
rCorr    .         Rampage  .   w - +3 pair of gauntlets of War {Slay+5}
Will     ++...                  C - +0 pair of boots "Empor" {rF+ Will+ Int+2 SInv}
Stlth    ..........             (no amulet)
HPRegen  0.35/turn              n - +2 ring of evasion
MPRegen  0.17/turn              r - ring "Seriexuli" {rF+ Slay+4}

@: heroic, finesse-ful, flying
A: permanent stasis, dig shafts and tunnels, antennae 3, four strong arms
a: Dig, Renounce Religion, Heroism, Finesse


You were in the Dungeon.
You worshipped Okawaru.
Okawaru was exalted by your worship.
You visited 1 branch You collected 1942 gold pieces.
You spent 1485 gold pieces at shops.

Inventory:

Hand Weapons
 k - a +3 lajatang
 t - the +6 quarterstaff of Perfectionism (weapon) {speed, Fly rPois Str+2}
   (Okawaru gifted it to you in the Dungeon)

   Attacks with this weapon are significantly faster.
   Str:       It affects your strength (+2).
   rPois:     It protects you from poison.
   Fly:       It grants you flight.
 u - a +0 lajatang of speed
Missiles
 b - 5 curare-tipped darts
 d - 4 silver javelins
 v - 2 throwing nets
Armour
 c - a +0 kite shield (worn)
 l - a +1 cloak (worn)
 m - a +0 plate armour (worn)
 w - the +3 pair of gauntlets of War (worn) {Slay+5}
   (You bought it in a shop in the Dungeon)

   Slay:      It affects your accuracy & damage with ranged weapons and melee
   (+5).
 C - the +0 pair of boots "Empor" (worn) {rF+ Will+ Int+2 SInv}
   (Okawaru gifted it to you in the Dungeon)

   Int:       It affects your intelligence (+2).
   rF:        It protects you from fire.
   SInv:      It lets you see invisible.
   Will:      It increases your willpower.
Jewellery
 n - a +2 ring of evasion (left hand)
 r - the ring "Seriexuli" (right hand) {rF+ Slay+4}
   (You acquired it in the Dungeon)

   [ring of slaying]

   Slay:      It affects your accuracy & damage with ranged weapons and melee
   (+4).
   rF:        It protects you from fire.
 x - a ring of protection from cold
 y - a ring of protection from cold
Wands
 a - a wand of flame (19)
 j - a wand of iceblast (5)
Scrolls
 f - 2 scrolls of identify
 i - 2 scrolls of amnesia
 o - 3 scrolls of enchant armour
 p - 4 scrolls of fear
 B - a scroll of fog
Potions
 e - 5 potions of curing
 g - 4 potions of magic
 h - a potion of invisibility
 z - 3 potions of mutation
 A - a potion of brilliance


   Skills:
 * Level 25.5(27) Fighting
 - Level 16.0(21.0) Staves
 + Level 21.4(26.4) Armour
 - Level 4.2(9.2) Dodging
 + Level 19.7(24.7) Shields
 - Level 8.0 Invocations
 - Level 2.2 Evocations


You had 14 spell levels left.
You didn't know any spells.
Your spell library was empty.

Dungeon Overview and Level Annotations

Branches:
Dungeon (1/1)

Altars:
Cheibriados
Dithmenos
Elyvilon
Fedhas
Gozag
Hepliaklqana
Kikubaaqudgha
Makhleb
Nemelex Xobeh
Okawaru
Qazlal
Ru
Sif Muna
Trog
Uskayaw
Vehumet
Wu Jian
Xom
Yredelemnul
Zin
The Shining One
Beogh
Jiyva
Lugonu

Shops:
D [?:?


Innate Abilities, Weirdness & Mutations

You cannot be hasted, slowed, berserked, paralysed or teleported.
You can dig through walls and to a lower floor.
You have a pair of large antennae on your head. (SInv)
Your four strong arms can wield two-handed weapons with a shield.


Message History

Things that are here:
a +0 dire flail; a +0 ring mail You hit the slime creature.
The slime creature is lightly wounded.
You bludgeon the slime creature!!
The slime creature is moderately wounded.
You bludgeon the slime creature!!
The slime creature is heavily wounded.
You crush the slime creature like a grape!!!
You kill the slime creature!
Okawaru accepts your kill.
The vault warden activates a sealing rune.
A door slams shut!
You closely miss the ironbound thunderhulk.
You barely miss the ironbound thunderhulk.
You sock the ironbound thunderhulk!
The ironbound thunderhulk is lightly wounded.
You bludgeon the ironbound thunderhulk!!
The ironbound thunderhulk is moderately wounded.
You bludgeon the ironbound thunderhulk!!
The ironbound thunderhulk is moderately wounded.
The ironbound thunderhulk hits you with a +0 dire flail!
* * * LOW HITPOINT WARNING * * *
You thump the ironbound thunderhulk!
The ironbound thunderhulk is heavily wounded.
The ice encasing you melts away.
You beat the ironbound thunderhulk like a drum!!!
The ironbound thunderhulk is severely wounded.
Your plate armour prevents you from hitting the ironbound thunderhulk.
The ironbound thunderhulk is severely wounded.
You thump the ironbound thunderhulk!
The ironbound thunderhulk is severely wounded.
You kill the ironbound preserver!
Okawaru accepts your kill.
You bludgeon the ironbound thunderhulk!!
The ironbound thunderhulk is almost dead.
The vault sentinel blows a loud note on a signal horn!
The ironbound frostheart calls freezing cold from the walls.
The frost grips you!!!
You die...

,,,,,,+,,,,,,,,,,,,,+,,,,,,,,,,,,
*********************************
,,,,,,,,,,,,,,,,,,,,,,,,,,,,,,,,,
*********************************
,,,,,,,,,,,,,,,,,,,,,,,,,,,,,,,,,
*********************************
,,,,,,,,,,,,,,,,,,,,,,,,,,,,,,,,,
*********▓▓▓▓▓▓▓▓▓▓▓▓▓▓▓▓▓▓▓▓▓▓▓▓
{{{{{{{{{)p.pppO@[)+.......)[).).
▓▓▓▓▓▓▓▓▓▓▓▓▓▓▓▓▓▓▓▓▓▓▓▓▓▓▓▓▓▓▓▓▓
....).........................)..
▓▓▓▓▓▓▓▓▓▓▓▓▓▓▓▓▓▓▓▓▓♣♣♣♣♣♣♣♣♣♣▓▓
'.......÷)).)..).).)'....††.).†[.
▓▓▓▓▓▓▓▓▓▓▓▓▓▓▓▓▓▓▓▓▓♣♣♣♣♣♣♣♣♣♣▓▓
.................................
▓▓▓▓▓▓▓▓▓▓▓▓▓▓▓▓▓▓▓▓▓▓▓▓▓▓▓▓▓▓▓▓▓
....)÷))..().'..?....!!.[[[.[[[[.


You could see a vault warden (sheltered), an ironbound thunderhulk (sheltered),
an ironbound frostheart (sheltered), a vault sentinel (sheltered, catching
breath) and a necromancer (sheltered).

Vanquished Creatures
  A golden dragon (D)
  A lich (D)
  A sphinx (D)
  A nagaraja (D)
  A frost giant (D)
  2 fire giants (D)
  2 ironbound preservers (D)
  4 stone giants (D)
  A bunyip (D)
  2 eleionomae (D)
  2 fire dragons (D)
  Harold (D)
  An ironbound thunderhulk (D)
  2 hydras (D)
  A rakshasa (D)
  A ghost crab (D)
  An ice dragon (D)
  A boulder beetle (D)
  Erica (D)
  An ironbound frostheart (D)
  2 deep troll shamans (D)
  A centaur warrior (D)
  2 tengu warriors (D)
  2 deep troll earth magi (D)
  An orc high priest (D)
  A spriggan berserker (D)
  An alligator (D)
  A naga sharpshooter (D)
  Sonja (D)
  2 sea snakes (D)
  2 naga ritualists (D)
  3 lindwurms (D)
  2 deep elf pyromancers (D)
  A bog body (D)
  2 wizards (D)
  A harpy (D)
  A mana viper (D)
  3 wolf spiders (D)
  A manticore (D)
  2 ugly things (D)
  3 orc knights (D)
  9 orc sorcerers (D)
  A cyclops (D)
  A will-o-the-wisp (D)
  4 black mambas (D)
  2 merfolk sirens (D)
  A water nymph (D)
  A guardian serpent (D)
  3 cane toads (D)
  A torpor snail (D)
  2 gargoyles (D)
  An efreet (D)
  3 trolls (D)
  3 tyrant leeches (D)
  A merfolk (D)
  A polar bear (D)
  2 jumping spiders (D)
  3 blink frogs (D)
  A slime creature (D)
  A shadow (D)
  A redback (D)
  2 tarantellas (D)
  A snapping turtle (D)
  A water elemental (D)
  2 yaks (D)
  A basilisk (D)
  2 vampire mosquitoes (D)
  A water moccasin (D)
  9 orc warriors (D)
  2 black bears (D)
  A wolf (D)
  A kobold brigand (D)
  3 bullfrogs (D)
  2 orc priests (D)
  An iguana (D)
  10 orc wizards (D)
  An adder zombie (D)
  2 worms (D)
  A dart slug (D)
  7 orcs (D)
  A bat (D)
  2 bat skeletons (D)
  2 hobgoblins (D)
  A quokka (D)
  A ball python zombie (D)
162 creatures vanquished.

Vanquished Creatures (others)
  A bloated husk (D)
  A foxfire (D)
2 creatures vanquished.

Grand Total: 164 creatures vanquished

Notes
Turn   | Place    | Note
-------+----------+-------------------------------------------
     0 | D        | Arum the Formicid Fighter began the quest for the Orb.
     0 | D        | Reached XP level 1. HP: 18/18 MP: 1/1
     9 | D        | Reached skill level 4 in Fighting
     9 | D        | Reached XP level 2. HP: 24/25 MP: 2/2
    36 | D        | Reached skill level 5 in Fighting
    36 | D        | Reached skill level 5 in Shields
    36 | D        | Reached XP level 3. HP: 33/33 MP: 3/3
    42 | D        | Reached skill level 5 in Armour
    42 | D        | Reached XP level 4. HP: 27/39 MP: 4/4
   158 | D        | Found a snail-covered altar of Cheibriados.
   158 | D        | Found a shadowy altar of Dithmenos.
   158 | D        | Found a white marble altar of Elyvilon.
   158 | D        | Found a blossoming altar of Fedhas.
   158 | D        | Found an opulent altar of Gozag.
   159 | D        | Found a hazy altar of Hepliaklqana.
   160 | D        | Found a viscous altar of Jiyva.
   161 | D        | Found an ancient bone altar of Kikubaaqudgha.
   162 | D        | Found a corrupted altar of Lugonu.
   163 | D        | Found a burning altar of Makhleb.
   164 | D        | Found a sparkling altar of Nemelex Xobeh.
   165 | D        | Found an iron altar of Okawaru.
   166 | D        | Found a stormy altar of Qazlal.
   167 | D        | Found a sacrificial altar of Ru.
   168 | D        | Found a shimmering blue altar of Sif Muna.
   169 | D        | Found a bloodstained altar of Trog.
   170 | D        | Found a hide-covered altar of Uskayaw.
   171 | D        | Found a radiant altar of Vehumet.
   172 | D        | Found an ornate altar of the Wu Jian Council.
   173 | D        | Found a shimmering altar of Xom.
   174 | D        | Found a basalt altar of Yredelemnul.
   177 | D        | Became a worshipper of Warmaster Okawaru
   180 | D        | Found a glowing silver altar of Zin.
   181 | D        | Found a glowing golden altar of the Shining One.
   230 | D        | Noticed a troll
   230 | D        | Noticed a kobold brigand
   230 | D        | Noticed a gargoyle
   236 | D        | Killed a gargoyle
   236 | D        | Reached * piety under Okawaru
   236 | D        | Reached ** piety under Okawaru
   237 | D        | Reached skill level 7 in Fighting
   237 | D        | Reached XP level 5. HP: 22/49 MP: 5/5
   237 | D        | Reached XP level 6. HP: 25/56 MP: 6/6
   240 | D        | Reached skill level 8 in Fighting
   240 | D        | Reached XP level 7. HP: 28/62 MP: 7/7
   251 | D        | Killed a troll
   442 | D        | Noticed a shadow
   442 | D        | Noticed a troll
   442 | D        | Noticed a troll
   442 | D        | Noticed a gargoyle
   442 | D        | Noticed a basilisk
   442 | D        | Noticed a manticore
   450 | D        | Killed a manticore
   451 | D        | Reached skill level 9 in Fighting
   451 | D        | Reached skill level 10 in Staves
   451 | D        | Reached skill level 10 in Armour
   451 | D        | Reached XP level 8. HP: 29/71 MP: 5/8
   454 | D        | Killed a basilisk
   455 | D        | Reached skill level 1 in Invocations
   459 | D        | Killed a gargoyle
   460 | D        | Reached skill level 10 in Fighting
   460 | D        | Reached skill level 1 in Evocations
   460 | D        | Reached XP level 9. HP: 28/78 MP: 6/10
   461 | D        | Killed a troll
   461 | D        | Reached *** piety under Okawaru
   463 | D        | Killed a troll
   895 | D        | Noticed a black mamba
   902 | D        | Noticed a cane toad
   904 | D        | Noticed a polar bear
   910 | D        | Reached skill level 11 in Fighting
   917 | D        | Killed a black mamba
   917 | D        | Reached **** piety under Okawaru
   917 | D        | Received a gift from Okawaru
   918 | D        | Reached XP level 10. HP: 83/89 MP: 11/11
   925 | D        | Killed a cane toad
   932 | D        | Reached skill level 12 in Fighting
   994 | D        | Noticed a cane toad
   995 | D        | Noticed a cane toad
   998 | D        | Noticed a six-headed hydra
  1009 | D        | Killed a cane toad
  1022 | D        | Killed a six-headed hydra
  1023 | D        | Reached skill level 5 in Invocations
  1026 | D        | Killed a cane toad
  1027 | D        | Reached skill level 13 in Fighting
  1050 | D        | Reached XP level 11. HP: 25/98 MP: 12/16
  1334 | D        | Noticed a lindwurm
  1334 | D        | Noticed a lindwurm
  1334 | D        | Noticed a lindwurm
  1356 | D        | Reached ***** piety under Okawaru
  1362 | D        | Killed a lindwurm
  1365 | D        | Killed a lindwurm
  1366 | D        | Reached skill level 15 in Staves
  1377 | D        | Reached skill level 14 in Fighting
  1383 | D        | Killed a lindwurm
  1383 | D        | Received a gift from Okawaru
  1819 | D        | Noticed an orc high priest
  1825 | D        | Noticed a soul eater
  1835 | D        | Noticed an orc knight
  1842 | D        | Killed an orc high priest
  1865 | D        | Killed an orc knight
  1866 | D        | Reached skill level 15 in Armour
  1942 | D        | Noticed an orc sorcerer
  1942 | D        | Noticed an orc knight
  1942 | D        | Noticed an orc knight
  1951 | D        | Killed an orc knight
  1959 | D        | Reached skill level 15 in Fighting
  1962 | D        | Killed an orc knight
  1971 | D        | Killed an orc sorcerer
  1979 | D        | Noticed an orc sorcerer
  1986 | D        | Noticed a soul eater
  1996 | D        | Killed an orc sorcerer
  1996 | D        | Identified the +6 quarterstaff of Perfectionism {speed, Fly
                  | rPois Str+2} (Okawaru gifted it to you in the Dungeon)
  1996 | D        | Received a gift from Okawaru
  1997 | D        | Reached skill level 10 in Shields
  1997 | D        | Reached XP level 12. HP: 71/110 MP: 14/18
  2144 | D        | Found Domut's Magic Scroll Boutique.
  2152 | D        | Found Uqann's Book Shop.
  2160 | D        | Found Wufrots's Magic Scroll Boutique.
  2168 | D        | Reached skill level 16 in Fighting
  2170 | D        | Found Uroylo's Armour Shop.
  2236 | D        | Bought a scroll of identify for 24 gold pieces
  2236 | D        | Bought a scroll of enchant weapon for 90 gold pieces
  2236 | D        | Bought a scroll of acquirement for 624 gold pieces
  2240 | D        | Bought a scroll of enchant armour for 82 gold pieces
  2242 | D        | Bought the +3 pair of gauntlets of War {Slay+5} for 665
                  | gold pieces
  2242 | D        | Found the +3 pair of gauntlets of War {Slay+5}
  2254 | D        | Acquired the ring "Seriexuli" {rF+ Slay+4}
  2407 | D        | Noticed Harold
  2419 | D        | Killed Harold
  2420 | D        | Reached skill level 17 in Fighting
  2553 | D        | Noticed an eight-headed hydra
  2553 | D        | Noticed a centaur warrior
  2553 | D        | Noticed a boulder beetle
  2559 | D        | Killed a centaur warrior
  2568 | D        | Killed an eight-headed hydra
  2573 | D        | Noticed a deep troll earth mage
  2575 | D        | Noticed a tengu warrior
  2581 | D        | Received a gift from Okawaru
  2582 | D        | Reached skill level 18 in Fighting
  2588 | D        | Noticed a deep troll shaman
  2590 | D        | Killed a boulder beetle
  2591 | D        | Noticed a fire giant
  2591 | D        | Noticed a deep troll earth mage
  2604 | D        | Killed a deep troll earth mage
  2608 | D        | Killed a tengu warrior
  2609 | D        | Reached XP level 13. HP: 71/124 MP: 19/19
  2619 | D        | Killed a fire giant
  2620 | D        | Reached skill level 19 in Fighting
  2624 | D        | Reached ****** piety under Okawaru
  2629 | D        | HP: 3/126 [cyan ugly thing (16)]
  3141 | D        | Received a gift from Okawaru
  3159 | D        | Reached skill level 20 in Fighting
  3234 | D        | Noticed an eleionoma
  3234 | D        | Noticed an eleionoma
  3245 | D        | Killed an eleionoma
  3252 | D        | Killed an eleionoma
  3253 | D        | Noticed a ghost crab
  3256 | D        | Identified the +0 pair of boots "Empor" {rF+ Will+ Int+2
                  | SInv} (Okawaru gifted it to you in the Dungeon)
  3256 | D        | Received a gift from Okawaru
  3257 | D        | Reached skill level 15 in Shields
  3260 | D        | Noticed a bunyip
  3273 | D        | Killed a ghost crab
  3277 | D        | Killed a bunyip
  3278 | D        | Reached skill level 21 in Fighting
  3484 | D        | Noticed a nagaraja
  3488 | D        | Reached XP level 14. HP: 134/138 MP: 17/20
  3497 | D        | Killed a nagaraja
  3505 | D        | Reached skill level 22 in Fighting
  3960 | D        | Noticed Sonja
  3966 | D        | Killed Sonja
  3990 | D        | Noticed Erica
  3996 | D        | Killed Erica
  4046 | D        | Noticed a stone giant
  4046 | D        | Noticed a sphinx
  4046 | D        | Noticed a stone giant
  4047 | D        | Noticed a golden dragon
  4058 | D        | Killed a stone giant
  4066 | D        | Killed a sphinx
  4066 | D        | Received a gift from Okawaru
  4067 | D        | Noticed a stone giant
  4077 | D        | Killed a stone giant
  4078 | D        | Reached skill level 23 in Fighting
  4086 | D        | Killed a golden dragon
  4087 | D        | Noticed a stone giant
  4111 | D        | Killed a stone giant
  4112 | D        | Noticed a fire giant
  4112 | D        | Noticed a lich
  4120 | D        | Killed a stone giant
  4121 | D        | Reached skill level 24 in Fighting
  4136 | D        | Killed a fire giant
  4139 | D        | Noticed a frost giant
  4144 | D        | Killed a lich
  4145 | D        | Reached XP level 15. HP: 98/153 MP: 14/21
  4173 | D        | Killed a frost giant
  4173 | D        | Received a gift from Okawaru
  4174 | D        | Reached skill level 25 in Fighting
  4392 | D        | Noticed a vault warden
  4392 | D        | Noticed an ironbound preserver
  4406 | D        | Killed an ironbound preserver
  4418 | D        | Noticed an ironbound preserver
  4431 | D        | Killed an ironbound preserver
  4432 | D        | Killed from afar by an ironbound frostheart

Illustrated notes

Levels and vault maps discovered:
D:        linesprint [early_d, line_temple, items_1, d_10, items_2, lair_1,
          lair_end, items_3, orc_1, orc_end, items_4, d_15, swamp_1, shoals_1,
          snake_1, spider_1, d_20, vaults_1, items_5, swamp_end, shoals_end,
          snake_end, spider_end, vaults_end, d_27, items_6, zot_1, zot_end,
          crypt_end, forest_end, elf_end, slime_end, tomb_end, abyss_end,
          pan_hell_end]

Skill      XL: |  1  2  3  4  5  6  7  8  9 10 11 12 13 14 15 |
---------------+----------------------------------------------+-----
Shields        | 4 5 8 9 10 13 16 18 19 | 19.7
Fighting       | 4 5 7 8 9 10 11 13 15 18 21 24 25 | 25.5
Armour         | 4 5 7 8 10 12 13 15 17 18 20 21 | 21.4
Staves         | 3 7 10 11 13 14 16 | 16.0
Dodging        | 2 3 4 |  4.2
Invocations    | 1 2 6 8 |  8.0
Evocations     | 1 2 |  2.2

Action                   |  1- 3 |  4- 6 |  7- 9 | 10-12 | 13-15 || total
-------------------------+-------+-------+-------+-------+-------++-------
Melee: Quarterstaff      |    23 |    11 |       |   104 |   338 ||   476
       Lajatang          |       |     6 |    55 |   182 |       ||   243
Invok: Heroism           |       |       |     3 |     7 |     7 ||    17
       Finesse           |       |       |       |     2 |     2 ||     4
 Abil: Dig               |       |     2 |       |       |       ||     2
Evoke: Wand              |       |       |     4 |       |     1 ||     5
  Use: Potion            |       |     1 |     3 |     2 |     3 ||     9
       Scroll            |       |       |     1 |     4 |       ||     5
Armor: Scale mail        |    11 |     6 |       |       |       ||    17
       Plate armour      |       |     2 |    14 |    66 |    47 ||   129
Dodge: Dodged            |     6 |     7 |    17 |    67 |    42 ||   139
Block: Kite shield       |    12 |    11 |    28 |    96 |    87 ||   234
